Map: Ever Dream LE

Players

JieShi

  • Race: Protoss Protoss
  • Spawn Location: 1:00

TIME (Oliveira) - Winner!

  • Race: Terran Terran
  • League: Master
  • Spawn Location: 7:00

Event: DreamHack SC2 Masters 2020 Fall

VOD

Have the link to the VOD?

Description

Time

  • Played on: Sept. 6, 2020, 9:38 a.m.
  • Length: 15:58

All games in this series

Show
View Real Time Build Order
Export as new Build Order

JieShi Protoss 

Build Orders: 1 Gate Expand, Colossus Rush 

Get SALT Encoding   

  12  0:00  Probe  
  13  0:12  Probe  
  14  0:17  Pylon  
  14  0:24  Probe (Chrono Boost)  
  15  0:36  Gateway, Probe (Chrono Boost)  
  16  0:44  Probe (Chrono Boost)  
  16  0:47  Assimilator  
  17  0:51  Probe  
  18  1:03  Probe  
  19  1:15  Probe  
  20  1:23  Nexus  
  20  1:31  Cybernetics Core  
  20  1:34  Probe  
  21  1:41  Assimilator  
  21  1:47  Probe  
  22  1:52  Pylon  
  21  1:59  Probe  
  22  2:07  Warp Gate, Adept (Chrono Boost)  
  22  2:11  Probe  
  25  2:21  Robotics Facility  
  25  2:23  Probe (Chrono Boost)  
  25  2:28  Stalker (Chrono Boost)  
  26  2:35  Probe (Chrono Boost)  
  30  2:41  Probe (Chrono Boost)  
  31  2:44  Probe (Chrono Boost)  
  31  2:48  Probe (Chrono Boost)  
  31  2:49  Probe (Chrono Boost)  
  33  2:52  Gateway  
  33  2:54  Sentry  
  35  3:00  Probe  
  35  3:01  Probe  
  37  3:10  Observer  
  37  3:12  Probe  
  39  3:13  Probe  
  39  3:15  Gateway  
  39  3:19  Shield Battery  
  40  3:24  Probe  
  40  3:25  Probe, Pylon  
  42  3:32  Observer  
  43  3:36  Probe  
  43  3:40  Assimilator, Probe  
  45  3:42  Assimilator  
  45  3:48  Probe, Pylon  
  46  3:53  Observer  
  46  3:54  Probe (Chrono Boost)  
  49  4:05  Probe (Chrono Boost)  
  49  4:06  Probe (Chrono Boost)  
  50  4:10  Forge, Robotics Bay  
  50  4:12  Probe (Chrono Boost)  
  50  4:14  Probe (Chrono Boost), Stalker x2  
  56  4:19  Stalker  
  56  4:21  Observer  
  58  4:24  Probe  
  58  4:31  Probe  
  57  4:36  Probe  
  57  4:43  Probe  
  58  4:45  Protoss Ground Weapons Level 1 (Chrono Boost)  
  58  4:48  Probe  
  58  4:49  Observer  
  58  4:52  Nexus  
  59  4:53  Pylon x2  
  59  5:01  Probe x2  
  59  5:04  Pylon  
  59  5:06  Extended Thermal Lance  
  61  5:08  Colossus (Chrono Boost)  
  67  5:16  Sentry  
  67  5:17  Probe  
  67  5:19  Probe  
  71  5:31  Probe x2  
  73  5:39  Twilight Council  
  73  5:40  Shield Battery  
  73  5:43  Probe  
  75  5:50  Gateway x2  
  75  5:53  Gateway  
  75  5:54  Colossus  
  75  5:56  Probe  
  81  5:58  Probe (Chrono Boost)  
  82  6:05  Gateway  
  82  6:08  Charge (Chrono Boost)  
  82  6:09  Gateway, Probe (Chrono Boost)  
  83  6:17  Probe (Chrono Boost)  
  83  6:18  Probe x2 (Chrono Boost)  
  86  6:26  Pylon, Probe  
  86  6:28  Photon Cannon  
  86  6:29  Probe  
  86  6:31  Shield Battery  
  87  6:36  Zealot x2  
  87  6:37  Zealot  
  93  6:41  Templar Archives  
  93  6:48  Protoss Ground Armor Level 1, Colossus (Chrono Boost)  
  93  6:53  Pylon  
  99  6:54  Stalker  
  99  6:55  Zealot  
  101  7:05  Zealot x3  
  101  7:06  Zealot x2  
  109  7:15  Zealot x2  
  106  7:24  Stalker  
  106  7:26  Stalker x2  
  106  7:29  High Templar  
  106  7:30  Blink (Chrono Boost)  
  106  7:44  Pylon  
  106  7:46  Photon Cannon  
  106  7:47  Pylon  
  106  7:49  Shield Battery  
  106  7:50  Pylon  
  106  7:53  Pylon  
  106  7:54  Pylon  
  106  7:55  High Templar  
  108  7:58  Colossus (Chrono Boost)  
  108  8:00  Archon  
  108  8:01  Observer  
  114  8:06  Zealot x2, Stalker  
  114  8:07  Zealot x2  
  124  8:19  Pylon  
  122  8:25  High Templar  
  122  8:26  High Templar, Observer  
  126  8:27  Zealot x2  
  126  8:28  Zealot x3  
  126  8:29  Zealot  
  126  8:30  Archon  
  138  8:41  Warp Prism (Chrono Boost)  
  138  8:42  Pylon  
  138  8:43  Pylon  
  140  8:49  Pylon  
  140  8:51  High Templar  
  140  8:52  Zealot x2, High Templar  
  140  8:54  Nexus  
  148  8:56  Pylon, Archon  
  148  9:01  Protoss Ground Weapons Level 2 (Chrono Boost)  
  148  9:03  Zealot x3  
  148  9:04  Zealot  
  156  9:16  Zealot x2  
  160  9:21  Immortal (Chrono Boost)  
  160  9:31  Zealot x3  
  160  9:32  Zealot x3  
  172  9:46  Zealot x2  
  172  9:50  Observer  
  172  9:52  Stalker  
  133  9:53  Zealot x4  
  133  9:56  Colossus (Chrono Boost)  
  103  10:07  High Templar, Probe (Chrono Boost)  
  103  10:08  Zealot, High Templar  
  110  10:16  Probe (Chrono Boost)  
  110  10:19  Archon  
  110  10:20  Zealot x3  
  110  10:21  Zealot x2  
  121  10:29  Zealot  
  123  10:39  Forge  
  123  10:40  Warp Prism (Chrono Boost)  
  123  10:41  High Templar x2  
  127  10:44  Zealot x5  
  139  10:51  Psionic Storm  
  139  10:53  Zealot  
  139  10:55  Probe x2  
  139  10:56  Unknown, Probe x2  
  145  11:06  Zealot x3, High Templar  
  145  11:07  Probe  
  145  11:08  Probe  
  153  11:22  Archon  
  153  11:24  Zealot x2, High Templar  
  153  11:25  Zealot  
  159  11:26  Protoss Ground Armor Level 2 (Chrono Boost)  
  159  11:29  Zealot x3, Observer  
  165  11:34  Gateway  
  165  11:37  Nexus  
  165  11:38  Gateway  
  165  11:40  Pylon  
  165  11:54  High Templar x2  
  165  11:55  Zealot x5  
  165  11:56  Disruptor (Chrono Boost)  
  165  11:57  Zealot  
  184  12:17  Stalker x3  
  184  12:18  Stalker  
  160  12:23  Protoss Ground Weapons Level 3 (Chrono Boost)  
  160  12:26  Zealot x3, Observer  
  160  12:28  Zealot  
  157  12:34  Zealot, Stalker  
  161  12:44  Zealot x3  
  161  12:45  Zealot  
  161  12:47  Colossus (Chrono Boost)  
  143  13:07  Zealot x4, High Templar  
  143  13:08  High Templar  
  143  13:09  Zealot x3  
  143  13:10  Zealot  
  123  13:25  Probe x4  
  127  13:32  Zealot x3, High Templar x2  
  137  13:36  Warp Prism  
  137  13:37  Robotics Facility  
  137  13:38  Probe  
  140  13:42  High Templar  
  140  13:43  Zealot x3  
  148  13:57  Probe  
  148  13:59  Photon Cannon  
  148  14:00  Shield Battery  
  148  14:01  Zealot x3, High Templar  
  151  14:05  Photon Cannon  
  151  14:06  Shield Battery  
  151  14:09  Probe  
  152  14:13  Zealot  
  152  14:14  Zealot x4  
  162  14:18  Colossus  
  162  14:20  Archon  
  162  14:22  Zealot x4  
  142  14:35  Zealot x4, Stalker x2  
  112  14:44  Immortal  
  112  14:45  Zealot x2, High Templar x2  
  122  14:51  Archon  
  116  14:57  Zealot  
  110  15:01  Zealot x2  
  110  15:02  Zealot x3  
  110  15:06  Zealot x2  
  88  15:15  Immortal  
  88  15:18  Zealot x3  
  98  15:24  Zealot x3, High Templar x2  
  106  15:28  Nexus  
  106  15:29  High Templar  
  106  15:30  High Templar  
  106  15:31  Archon  
  110  15:36  Archon  
  110  15:39  Zealot x2  
  110  15:40  Zealot  
Show
View Real Time Build Order
Export as new Build Order

TIME Terran - Winner!

Build Orders:  

Get SALT Encoding   

  12  0:00  SCV  
  13  0:12  SCV  
  14  0:17  Supply Depot  
  14  0:25  SCV  
  15  0:38  SCV  
  15  0:40  Barracks  
  16  0:43  Refinery  
  16  0:50  SCV  
  17  1:02  SCV  
  18  1:14  SCV  
  19  1:27  Orbital Command, Marine  
  20  1:42  Command Center  
  20  1:53  Factory  
  20  1:56  SCV  
  21  2:04  Barracks Reactor  
  21  2:08  SCV  
  22  2:11  Supply Depot  
  22  2:14  Refinery  
  22  2:20  SCV  
  23  2:32  SCV  
  26  2:37  Hellion  
  26  2:40  Starport, Marine x2  
  28  2:44  SCV  
  29  2:54  Orbital Command  
  29  2:57  SCV  
  30  2:58  Marine  
  30  3:02  Widow Mine  
  33  3:11  SCV  
  34  3:16  Medivac, Marine x2  
  38  3:20  SCV  
  38  3:23  SCV  
  40  3:28  Factory Tech Lab, Supply Depot  
  40  3:32  SCV  
  41  3:35  SCV  
  41  3:39  Marine x2  
  44  3:42  Bunker  
  44  3:44  SCV  
  44  3:47  SCV  
  46  3:54  Raven, Factory Tech Lab  
  48  3:56  Barracks  
  48  3:57  Marine x2  
  48  3:58  SCV  
  48  3:59  SCV  
  52  4:09  Barracks  
  52  4:12  SCV  
  52  4:13  Engineering Bay  
  52  4:14  SCV  
  53  4:30  Marine  
  53  4:38  SCV  
  53  4:39  SCV  
  53  4:42  Refinery  
  54  4:47  Terran Infantry Weapons Level 1  
  54  4:48  Supply Depot  
  54  4:51  Command Center  
  54  4:53  Stimpack  
  54  5:00  Supply Depot  
  54  5:04  Combat Shield  
  54  5:09  Viking, SCV x2, Marine x4  
  62  5:18  Factory Reactor  
  62  5:22  SCV  
  62  5:25  Supply Depot  
  62  5:27  SCV, Marine  
  65  5:29  Marauder x2, Supply Depot  
  65  5:30  Marine  
  70  5:41  Supply Depot  
  70  5:45  Barracks x2  
  70  5:46  SCV x2  
  72  5:50  Marine x2  
  72  5:51  Marauder  
  72  5:52  Marauder  
  72  5:55  Refinery  
  78  5:58  SCV  
  78  6:00  Medivac  
  78  6:01  Medivac  
  78  6:03  SCV  
  84  6:05  Orbital Command  
  84  6:11  SCV, Marine x2  
  85  6:16  Marauder  
  89  6:18  Factory Tech Lab  
  89  6:20  SCV  
  89  6:23  SCV  
  91  6:27  Marauder, Supply Depot, Concussive Shells  
  91  6:29  Orbital Command, Marine x2  
  95  6:38  Siege Tank  
  95  6:39  Marauder  
  100  6:40  Barracks Tech Lab, Barracks Reactor  
  100  6:42  SCV  
  100  6:45  Viking  
  100  6:46  Viking  
  105  6:52  Marauder, Marine x2  
  109  6:55  SCV  
  109  7:03  Marauder, Marine  
  109  7:05  SCV  
  109  7:06  SCV  
  109  7:07  Supply Depot  
  114  7:10  Siege Tank, Marine  
  112  7:24  Marine  
  112  7:27  Marine x2  
  112  7:28  Marauder  
  113  7:30  Viking x2  
  113  7:33  SCV  
  113  7:34  Marine x2  
  113  7:35  Marauder  
  113  7:36  SCV  
  120  7:37  SCV  
  120  7:38  Terran Infantry Armor Level 1  
  119  7:45  SCV  
  119  7:46  Supply Depot  
  119  7:47  Supply Depot, Marine x3  
  119  7:48  SCV  
  119  7:49  SCV  
  125  7:52  Supply Depot  
  125  7:54  Siege Tank  
  126  8:00  Marine  
  122  8:06  Marauder, Marine x2  
  122  8:07  Viking x2  
  122  8:09  SCV, Marine x2  
  122  8:10  Marauder  
  122  8:11  SCV  
  132  8:19  Marine  
  126  8:21  SCV x2  
  126  8:23  Engineering Bay, Marine  
  126  8:25  Armory  
  129  8:28  SCV, Marauder  
  129  8:30  Marauder, Marine x2  
  129  8:31  Siege Tank, Marauder  
  141  8:37  Supply Depot  
  141  8:40  SCV x2  
  143  8:41  Viking  
  143  8:42  Refinery x2  
  143  8:44  Viking  
  143  8:47  SCV  
  148  8:52  SCV  
  148  8:54  Marauder x2, Marine  
  148  8:55  Sensor Tower, Marine  
  154  8:56  Marine  
  154  9:01  Marauder, Marine  
  159  9:05  Supply Depot  
  159  9:12  Marine  
  159  9:13  Siege Tank  
  159  9:14  Viking  
  164  9:27  Marauder  
  164  9:28  Command Center  
  164  9:29  Supply Depot  
  166  9:31  Terran Infantry Weapons Level 2  
  166  9:33  Ghost Academy  
  166  9:34  Marauder, Marine  
  166  9:36  Marauder  
  170  9:43  Supply Depot  
  170  9:44  Marine x2  
  172  9:48  Marauder  
  172  9:52  Marine  
  149  9:56  Marauder  
  149  9:59  Marine  
  129  10:00  Marauder  
  129  10:02  Marine  
  129  10:03  Siege Tank  
  129  10:04  Marine  
  129  10:06  Medivac x2  
  132  10:07  Terran Infantry Armor Level 2  
  132  10:09  Marauder, SCV  
  132  10:11  Marine  
  136  10:14  SCV  
  136  10:19  SCV  
  138  10:22  Marine x2  
  138  10:26  Ghost x2  
  144  10:28  Marine  
  144  10:29  Marine  
  144  10:30  Ghost, SCV  
  149  10:36  Siege Tank  
  149  10:37  Missile Turret, SCV  
  149  10:40  Marine  
  154  10:43  Marine  
  154  10:47  Marine  
  156  10:52  SCV, Marine  
  156  10:54  Marine  
  159  10:58  Medivac x2  
  159  11:02  Marauder, Ghost  
  159  11:03  Barracks x2, Marine  
  168  11:04  SCV  
  168  11:05  Barracks  
  168  11:14  Planetary Fortress  
  167  11:21  Siege Tank  
  167  11:22  Ghost  
  167  11:23  Marine  
  173  11:29  Refinery, Enhanced Shockwaves  
  173  11:30  Marine  
  174  11:34  SCV  
  174  11:37  Refinery  
  174  11:42  Viking x2  
  173  11:50  Marine x2  
  173  11:52  Sensor Tower  
  173  11:53  Barracks Tech Lab, Missile Turret  
  175  11:54  Barracks Tech Lab  
  175  11:55  Command Center  
  175  11:57  Siege Tank  
  175  12:00  Barracks Tech Lab  
  178  12:01  Marine  
  178  12:02  Marine  
  179  12:21  SCV  
  176  12:23  Marauder x2  
  176  12:24  Viking  
  176  12:25  Viking  
  176  12:26  SCV  
  176  12:29  Marine  
  176  12:32  Siege Tank, Marine  
  176  12:34  Barracks Reactor  
  176  12:37  Marauder, Marine x2  
  181  12:40  Terran Infantry Armor Level 3, Terran Infantry Weapons Level 3  
  185  12:45  SCV  
  186  12:55  Unknown  
  186  12:56  Missile Turret  
  160  13:09  Marine x2  
  160  13:10  Medivac, Marauder  
  148  13:13  Marine x2, Thor  
  148  13:14  Marauder  
  148  13:17  Medivac  
  158  13:22  Ghost  
  158  13:23  Sensor Tower  
  158  13:24  Marauder, Marine x2  
  164  13:32  Marine  
  164  13:34  Marauder  
  167  13:35  Command Center  
  167  13:36  Planetary Fortress  
  167  13:40  Marine  
  168  13:42  Ghost  
  170  13:50  Marine x2  
  170  13:51  Ghost  
  170  13:55  Missile Turret  
  174  14:02  Siege Tank  
  177  14:04  Marauder x3  
  177  14:05  Marine x2  
  185  14:10  Ghost  
  185  14:14  Marine  
  185  14:15  Marine x2  
  172  14:31  Marine  
  172  14:32  Marauder  
  172  14:35  Marine x3  
  172  14:36  Marauder x2  
  172  14:37  Ghost  
  157  14:39  Marine x2  
  157  14:40  Medivac, Siege Tank  
  157  14:41  Medivac  
  157  14:44  Starport  
  157  14:45  Fusion Core  
  166  14:50  Marine  
  166  14:51  Marauder  
  169  14:59  Marine  
  163  15:00  Marauder, Marine x2  
  163  15:06  Marine x2  
  162  15:13  Marine x2  
  162  15:14  Marauder  
  161  15:17  Command Center  
  161  15:18  Command Center  
  164  15:21  Siege Tank  
  164  15:22  Medivac x2  
  164  15:25  Marine x2  
  164  15:26  Marauder  
  164  15:27  Starport Reactor  
  172  15:31  Marine x3  
  175  15:38  Marine  
  175  15:39  Marine  

Tags
 
Add a new tag
Caveats
  • Supply blocks, unpowered buildings, or Contaminate may cause inaccurate times.
  • Supply counts are checked every 10 seconds.